 Dungeon Crawl Stone Soup version 0.20.1-1-g8b1a95d (webtiles) character file.

5324 Quirk the Cleaver (level 10, -28/77 HPs)
             Began as a Demonspawn Fighter on Nov 21, 2017.
             Was a High Priest of Okawaru.
             Annihilated by homeworkjunkie's ghost (32 damage)
             ... on level 10 of the Dungeon.
             The game lasted 00:19:02 (8674 turns).

Quirk the Cleaver (Demonspawn Fighter)              Turns: 8674, Time: 00:19:02

Health: -28/77     AC: 13    Str: 19    XL:     10   Next: 38%
Magic:  0/10       EV: 12    Int: 13    God:    Okawaru [*****.]
Gold:   248        SH: 10    Dex: 13    Spells: 9/9 levels left

rFire    . . .     SeeInvis .   v - +8 trident of Destiny {elec, Int+3}
rCold    . . .     Gourm    .   c - +0 shield
rNeg     + + .     Faith    .   e - +5 ring mail
rPois    .         Spirit   +   (helmet restricted)
rElec    .         Reflect  .   E - +1 cloak {MR+}
rCorr    .         Harm     .   (no gloves)
MR       +....                  (no boots)
Stlth    +.........             D - amulet of guardian spirit
Regen    0.3/turn               a - ring of positive energy
MPRegen  0.2/turn               (no ring)

@: no status effects
A: horns 1, demonic guardian 1, negative energy resistance 1, magic shield,
sturdy frame 1
a: Heroism, Finesse, Renounce Religion


You were on level 10 of the Dungeon.
You worshipped Okawaru.
Okawaru was extremely pleased with you.
You were not hungry.

You visited 2 branches of the dungeon, and saw 11 of its levels.

You collected 495 gold pieces.
You spent 247 gold pieces at shops.

Inventory:

Hand Weapons
 h - a +1 hand axe of chopping
 j - a +2 dagger of speed
 m - a +2 dagger of protection
 v - the +8 trident of Destiny (weapon) {elec, Int+3}
   (You found it on level 5 of the Dungeon)

   Occasionally, upon striking a foe, it will discharge some electrical energy
   and cause terrible harm.
   It affects your intelligence (+3).
Missiles
 x - 7 tomahawks of returning (quivered)
 z - 2 throwing nets
Armour
 c - a +0 shield (worn)
 e - a +5 ring mail (worn)
 n - a +2 robe of positive energy
 y - the +1 robe of Weightlessness {rC++ Str+4}
   (You found it on level 5 of the Dungeon)

   It affects your strength (+4).
   It greatly protects you from cold.
 E - a +1 cloak of magic resistance (worn)
Jewellery
 a - a ring of positive energy (left hand)
 D - an amulet of guardian spirit (around neck)
Wands
 o - a wand of clouds (6/9)
 H - a wand of flame (30/48)
 I - a wand of lightning (3/15)
Scrolls
 i - 5 scrolls of remove curse
 p - 2 scrolls of enchant weapon
 s - a scroll of amnesia
 u - a scroll of magic mapping
 A - 3 scrolls of fog
 C - 4 scrolls of identify
 J - a scroll of enchant armour
 N - a scroll of recharging
Potions
 b - 2 potions of haste
 d - 2 potions of might
 g - 3 potions of invisibility
 k - 5 potions of curing
 q - a potion of lignification
 r - a potion of resistance
 t - 3 potions of heal wounds
 B - a potion of ambrosia
 F - 2 potions of cancellation
 M - a potion of brilliance {unknown}
Books
 G - a book of Maledictions

   Spells                             Type                      Level
   a - Corona                         Hexes                        1
   b - Ensorcelled Hibernation        Hexes/Ice                    2
   c - Confuse                        Hexes                        3
   d - Tukima's Dance                 Hexes                        3
   e - Dazzling Spray                 Conjuration/Hexes            3
Comestibles
 f - 7 bread rations
 l - 3 meat rations
 w - 4 royal jellies
 L - a fruit


   Skills:
 + Level 6.9 Fighting
 * Level 8.3 Axes
 + Level 6.6 Armour
 + Level 5.5 Dodging
 + Level 6.4 Shields


You had 9 spell levels left.
You didn't know any spells.

Dungeon Overview and Level Annotations

Branches:
Dungeon (10/15)            Temple (1/1) D:4            Lair (0/6) D:10
    Orc: D:9-12

Altars:
Ashenzari
Cheibriados
Dithmenos
Elyvilon
Fedhas
Gozag
Kikubaaqudgha
Makhleb
Nemelex Xobeh
Okawaru
Ru
Sif Muna
Uskayaw
Vehumet
Xom
Yredelemnul
Zin
The Shining One

Shops:
D:6 *

Annotations:
D:10 homeworkjunkie's ghost, journeyman HOFi


Innate Abilities, Weirdness & Mutations

You have a pair of small horns on your head.
A weak demonic guardian rushes to your aid.
You resist negative energy. (rN+)
When hurt, damage is shared between your health and your magic reserves.
Your movements are slightly less encumbered by armour. (ER -2)


Message History

You are too injured to fight recklessly!
You are too injured to fight recklessly!
You are too injured to fight recklessly!
Unknown command.
You are too injured to fight recklessly!
You are too injured to fight recklessly!
Your iron imp misses homeworkjunkie's ghost.
You hit homeworkjunkie's ghost.
Homeworkjunkie's ghost is lightly damaged.
You block homeworkjunkie's ghost's attack.
Your iron imp misses homeworkjunkie's ghost.
Your iron imp hits homeworkjunkie's ghost but does no damage.
You barely miss homeworkjunkie's ghost.
Homeworkjunkie's ghost is lightly damaged.
Homeworkjunkie's ghost hits you!!
* * * LOW HITPOINT WARNING * * *
x2 Your iron imp hits homeworkjunkie's ghost.
Your iron imp hits homeworkjunkie's ghost but does no damage.
Homeworkjunkie's ghost hits you!!
You die...

#.... ##.... #..... '#
#########..... ...
#.......#..... ....
#.#####.###.#. ....<
#.#####.###.#.
......#######.#......##.#.
......5.W@........#..##.#.
'#####5######.#.#.#..##.##
#.######.#.#.#.......
#.#...##.#.#.##.##.##
#.#...##.#.#.........
#.#...##.#.####.##...
#.#..................
..#..................
#........#.##.#.#..


You could see homeworkjunkie's ghost and 2 friendly iron imps.

Vanquished Creatures
  A two-headed ogre (D:10)
  A hippogriff (D:10)
  5 yaks (D:10)
  A vampire mosquito (D:6)
  3 orc warriors
  3 sky beasts
  An ice beast (D:9)
  2 ogres (D:8)
  A phantom (D:5)
  3 centaurs
  2 big kobolds
  6 bullfrogs
  5 scorpions
  3 killer bees (D:7)
  5 wights (D:9)
  2 howler monkeys
  2 crimson imps
  A centaur zombie (D:5)
  A jelly (D:7)
  A bullfrog zombie (D:5)
  6 hounds
  3 orc priests
  Crazy Yiuf (D:5)
  7 orc wizards
  2 iguanas
  6 worker ants
  The ghost of dscm the Chopper, a weakling DsGl (D:3)
  A hound skeleton (D:8)
  11 adders
  3 gnolls (D:9)
  2 shadow imps
  4 worms
  A dart slug (D:2)
  3 leopard geckos
  18 orcs
  10 giant cockroaches
  9 goblins
  7 hobgoblins
  5 jackals
  3 quokkas
  8 ball pythons
  4 bats
  5 frilled lizards
  8 kobolds
  9 rats
186 creatures vanquished.

Vanquished Creatures (collateral kills)
  An orc warrior (D:9)
  An ice beast (D:10)
  A bullfrog (D:7)
  A howler monkey (D:8)
  An orc priest (D:9)
  An orc wizard (D:9)
  A centaur skeleton (D:10)
  A bullfrog skeleton (D:5)
  Jessica (D:2)
  An adder (D:3)
  An orc (D:3)
11 creatures vanquished.

Grand Total: 197 creatures vanquished

Notes
Turn   | Place    | Note
-------+----------+-------------------------------------------
     0 | D:1      | Quirk the Demonspawn Fighter began the quest for the Orb.
     0 | D:1      | Reached XP level 1. HP: 18/18 MP: 1/1
   115 | D:1      | Gained mutation: A weak demonic guardian rushes to your aid. [demonic ancestry]
   115 | D:1      | Reached XP level 2. HP: 15/24 MP: 2/2
   252 | D:1      | Reached skill level 2 in Axes
   435 | D:1      | Reached skill level 1 in Dodging
   753 | D:2      | Reached XP level 3. HP: 29/29 MP: 3/3
  1088 | D:2      | Noticed Jessica
  1094 | D:2      | Killed Jessica
  1094 | D:2      | Gained mutation: You have a pair of small horns on your head. [demonic ancestry]
  1094 | D:2      | Reached XP level 4. HP: 6/35 MP: 4/4
  1800 | D:3      | Noticed dscm's ghost (weakling DsGl)
  1818 | D:3      | Killed dscm's ghost
  1836 | D:3      | Reached skill level 3 in Axes
  1911 | D:3      | Reached XP level 5. HP: 27/41 MP: 5/5
  2555 | D:4      | Found a staircase to the Ecumenical Temple.
  2663 | Temple   | Entered the Ecumenical Temple
  2869 | Temple   | Became a worshipper of Warmaster Okawaru
  3062 | D:4      | You fall through a shaft!
  3062 | D:5      | Entered Level 5 of the Dungeon
  3141 | D:5      | Noticed a phantom
  3158 | D:5      | Reached XP level 6. HP: 48/48 MP: 6/6
  3306 | D:5      | Found a sparkling altar of Nemelex Xobeh.
  3426 | D:5      | Found a runed door.
  3456 | D:5      | Got a slimy trident
  3457 | D:5      | Identified the +8 trident of Destiny {elec, Int+3} (You found it on level 5 of the Dungeon)
  3464 | D:5      | Reached skill level 4 in Axes
  3592 | D:5      | Found a glowing silver altar of Zin.
  3593 | D:5      | Found a hide-covered altar of Uskayaw.
  3595 | D:5      | Gained mutation: Your movements are slightly less encumbered by armour. (ER -2) [demonic ancestry]
  3595 | D:5      | Reached XP level 7. HP: 54/54 MP: 7/7
  3612 | D:5      | Reached * piety under Okawaru
  3781 | D:5      | Got a colourful robe
  4116 | D:5      | Noticed Crazy Yiuf
  4134 | D:5      | Killed Crazy Yiuf
  4268 | D:6      | Noticed a four-headed hydra
  4639 | D:6      | Found Saujett's General Store.
  4709 | D:5      | Reached skill level 5 in Axes
  4709 | D:5      | Reached XP level 8. HP: 3/61 MP: 0/8
  4998 | D:6      | Reached ** piety under Okawaru
  5010 | D:6      | Bought 2 potions of curing for 66 gold pieces
  5026 | D:6      | Bought a +1 cloak of magic resistance for 181 gold pieces
  5103 | D:7      | Identified the +1 robe of Weightlessness {rC++ Str+4} (You found it on level 5 of the Dungeon)
  5228 | D:7      | Reached skill level 5 in Fighting
  5660 | D:7      | Reached skill level 5 in Armour
  6163 | D:8      | Reached skill level 6 in Axes
  6177 | D:8      | Reached skill level 5 in Shields
  6431 | D:8      | Reached *** piety under Okawaru
  6505 | D:8      | Gained mutation: You resist negative energy. (rN+) [demonic ancestry]
  6505 | D:8      | Reached XP level 9. HP: 68/68 MP: 9/9
  7125 | D:9      | Reached skill level 7 in Axes
  7203 | D:9      | Reached **** piety under Okawaru
  7377 | D:9      | Found a snail-covered altar of Cheibriados.
  8036 | D:10     | Entered Level 10 of the Dungeon
  8036 | D:10     | Found a staircase to the Lair.
  8044 | D:10     | Noticed a two-headed ogre
  8053 | D:10     | Killed a two-headed ogre
  8053 | D:10     | Reached skill level 5 in Dodging
  8053 | D:10     | Gained mutation: When hurt, damage is shared between your health and your magic reserves. [demonic ancestry]
  8053 | D:10     | Reached XP level 10. HP: 51/77 MP: 6/10
  8141 | D:10     | Reached ***** piety under Okawaru
  8141 | D:10     | Reached skill level 8 in Axes
  8661 | D:10     | Noticed homeworkjunkie's ghost (journeyman HOFi)
  8673 | D:10     | HP: 3/77 [homeworkjunkie's ghost (5)]
  8674 | D:10     | Annihilated by homeworkjunkie's ghost

Skill      XL: |  1  2  3  4  5  6  7  8  9 10 |
---------------+-------------------------------+-----
Axes           | 2 3 4 5 6 7 8 |  8.3
Dodging        | 1 2 3 4 5 |  5.5
Armour         | 3 4 5 6 |  6.6
Shields        | 3 4 5 6 |  6.4
Fighting       | 4 5 6 |  6.9

Action                   |  1- 3 |  4- 6 |  7- 9 | 10-12 || total
-------------------------+-------+-------+-------+-------++-------
Melee: War axe           |   109 |    58 |       |       ||   167
       Hand axe          |       |    77 |       |       ||    77
       Headbutt          |       |    25 |    30 |    15 ||    70
       Trident           |       |    10 |   246 |    68 ||   324
  Use: Scroll            |     3 |     1 |    14 |       ||    18
       Potion            |       |       |     4 |       ||     4
 Stab: Distracted        |       |       |     1 |       ||     1
  Eat: Chunk             |     1 |     7 |    14 |     2 ||    24
       Fruit             |       |       |     1 |       ||     1
Armor: Scale mail        |    43 |     6 |       |       ||    49
       Ring mail         |       |    47 |   101 |    19 ||   167
Dodge: Dodged            |    29 |    60 |    97 |    13 ||   199
Block: Shield            |    63 |    62 |   123 |    31 ||   279
